 Dungeon Crawl Stone Soup version 0.20-a0-509-ga2a529b (webtiles) character file.

7579 Kaname the Covert (level 10, -7/76 HPs)
             Began as a Demonspawn Skald on Jan 22, 2017.
             Was a Priest of Vehumet.
             Mangled by a two-headed ogre
             ... wielding a +0 giant club
              (20 damage)
             ... on level 10 of the Dungeon.
             The game lasted 00:38:11 (13042 turns).

Kaname the Covert (Demonspawn Skald)               Turns: 13042, Time: 00:38:11

Health: -7/76      AC: 10    Str: 11    XL:     10   Next: 97%
Magic:  0/13       EV: 12    Int: 18    God:    Vehumet [***...]
Gold:   608        SH:  0    Dex: 13    Spells: 1/13 levels left

rFire    + + .     SeeInvis .   u - +1 short sword (elec)
rCold    . . .     Gourm    .   H - +2 robe {MR+}
rNeg     . . .     Faith    .   (no shield)
rPois    .         Spirit   +   q - +0 helmet
rElec    .         Reflect  .   G - +2 cloak {+Inv}
rCorr    .         Harm     +   k - +1 pair of gloves
MR       +....                  (no boots)
Stlth    ++++......             n - amulet of harm
Regen    0.3/turn               R - ring of protection from fire
                                P - ring of wizardry

@: drained
A: hooves 2, fire resistance 1, magic shield
a: Renounce Religion, Evoke Invisibility


You were on level 10 of the Dungeon.
You worshipped Vehumet.
Vehumet was most pleased with you.
You were very hungry.

You visited 1 branch of the dungeon, and saw 10 of its levels.
You also visited: Ossuary.

You collected 608 gold pieces.

Inventory:

Hand Weapons
 u - a +1 short sword of electrocution (weapon)
Armour
 k - a +1 pair of gloves (worn)
 q - a +0 helmet (worn)
 G - a +2 cloak of invisibility (worn)
 H - a +2 robe of magic resistance (worn)
 K - a cursed -2 plate armour
Jewellery
 n - an amulet of harm (around neck)
 w - an uncursed amulet of magic regeneration
 P - a ring of wizardry (left hand)
 R - a ring of protection from fire (right hand)
Wands
 i - a wand of polymorph (0/24)
 y - a wand of random effects (11/48)
 M - a wand of polymorph (17/24)
Scrolls
 a - a scroll of enchant weapon
 f - 7 scrolls of teleportation
 g - 2 scrolls of fear
 p - a scroll of magic mapping
 r - 4 scrolls of immolation
 v - 3 scrolls of blinking
 x - 3 scrolls of random uselessness {unknown}
 B - a scroll of torment {unknown}
 I - 2 scrolls of enchant armour {unknown}
 L - a scroll of acquirement {unknown}
 N - a scroll of recharging
Potions
 e - 2 potions of resistance {unknown}
 h - 2 potions of might {unknown}
 l - 4 potions of curing
 m - a potion of ambrosia {unknown}
 o - 2 potions of heal wounds {unknown}
 s - a potion of flight {unknown}
 t - 2 potions of brilliance {unknown}
 z - 4 potions of lignification {unknown}
 A - a potion of cure mutation {unknown}
 D - 2 potions of agility {unknown}
 E - a potion of invisibility {unknown}
 F - a potion of cancellation {unknown}
 O - a potion of mutation {unknown}
Books
 b - a book of Misfortune

   Spells                             Type                      Level
   a - Confusing Touch                Hexes                        1
   b - Confuse                        Hexes                        3
   c - Gell's Gravitas                Hexes/Translocation          3
   d - Petrify                        Transmutation/Earth          4
   e - Metabolic Englaciation         Hexes/Ice                    5
   f - Yara's Violent Unravelling     Hexes/Transmutation          5
 c - a book of Battle

   Spells                             Type                      Level
   a - Infusion                       Charms                       1
   b - Shroud of Golubria             Charms/Translocation         2
   c - Song of Slaying                Charms                       2
   d - Spectral Weapon                Hexes/Charms                 3
   e - Regeneration                   Charms/Necromancy            3
 J - a book of Necromancy

   Spells                             Type                      Level
   a - Pain                           Necromancy                   1
   b - Animate Skeleton               Necromancy                   1
   c - Vampiric Draining              Necromancy                   3
   d - Regeneration                   Charms/Necromancy            3
   e - Animate Dead                   Necromancy                   4
   f - Control Undead                 Necromancy                   4
Comestibles
 d - 7 bread rations
 j - 4 royal jellies
 C - 3 meat rations


   Skills:
 - Level 6.0(5.3) Fighting
 - Level 8.1(7.5) Short Blades
 - Level 0.8(0.3) Armour
 - Level 1.7(1.2) Dodging
 + Level 9.2(8.5) Stealth
 - Level 2.0(1.4) Spellcasting
 - Level 7.1(6.4) Conjurations
 - Level 4.0(3.5) Hexes
 - Level 4.0(3.4) Charms
 - Level 4.0(3.4) Necromancy


You had one spell level left.
You knew the following spells:

 Your Spells              Type           Power        Failure   Level  Hunger
a - Spectral Weapon       Hex/Chrm       ##......     7%          3    ####...
b - Searing Ray           Conj           ###...       1%          2    ###....
c - Vampiric Draining     Necr           ##........   7%          3    ####...
d - Iskenderun's Mystic   Conj           ###.....     2%          4    #####..


Dungeon Overview and Level Annotations

Branches:
Dungeon (10/15)            Temple (0/1) D:4
   Lair: D:8-11         Orc: D:9-12

Altars:
Ashenzari
Makhleb
Qazlal
Ru
Trog
Vehumet
Yredelemnul
The Shining One

Shops:
D:9 %   D:10 [


Innate Abilities, Weirdness & Mutations

You have hoof-like feet.
Your flesh is heat resistant. (rF+)
When hurt, damage is shared between your health and your magic reserves.


Message History

You hit the two-headed ogre. You kick the two-headed ogre.
The two-headed ogre is severely wounded.
The two-headed ogre hits you with a giant club!
The two-headed ogre misses you.
You barely miss the two-headed ogre.
You kick the two-headed ogre, but do no damage.
The two-headed ogre is severely wounded.
You hit the two-headed ogre.
You kick the two-headed ogre, but do no damage.
The two-headed ogre is almost dead.
The two-headed ogre hits you with a giant club!!
The two-headed ogre hits you with a giant club!
* * * LOW HITPOINT WARNING * * *
You hit the two-headed ogre but do no damage.
The two-headed ogre is almost dead.
You barely miss the two-headed ogre.
The two-headed ogre is almost dead.
The two-headed ogre barely misses you.
The two-headed ogre hits you with a giant club!
You die...

#.....'....#........+..
#.....#....#........#..
#.....#....#........#..
#.....#.##'#........#..
#.....#'##'#.....###'###..
#.....#....#.....#........
#.....#....'.....#........
#.....#....#.....#........
#.....#..@.#.....###+####.
.....##.O..###.... #
#.......#.....
#.......'.....'
#.......#.... '.......# ..
.######### . ##


You could see a two-headed ogre.

Vanquished Creatures
  2 two-headed ogres (D:9)
  A centaur warrior (D:9)
  The ghost of Geomchi the Tainter, a novice NaVM of Vehumet (D:8)
  2 hippogriffs
  2 wyverns
  Eustachio (D:6)
  3 yaks (D:10)
  Sigmund (D:5)
  2 orc warriors (D:5)
  An eye of draining (D:9)
  A sky beast (D:8)
  A necrophage (D:9)
  7 ogres
  6 centaurs
  A crocodile (D:6)
  5 bullfrogs
  4 scorpions
  10 wights
  A howler monkey (D:9)
  2 centaur zombies (D:7)
  5 crimson imps
  A bullfrog zombie (D:9)
  A quasit (D:8)
  3 orc priests
  A hound (D:6)
  2 bullfrog skeletons (D:6)
  2 centaur skeletons
  A human zombie (Ossuary)
  7 orc wizards
  2 iguanas
  6 worker ants
  3 mummies (Ossuary)
  A howler monkey zombie (D:6)
  7 adders
  A shadow imp (D:9)
  An ooze (D:6)
  2 adder skeletons
  4 adder zombies (Ossuary)
  7 worms
  5 dart slugs
  8 leopard geckos
  18 orcs
  4 bats
  2 giant cockroaches (D:2)
  2 gnoll zombies (Ossuary)
  7 goblins
  7 hobgoblins
  9 jackals
  3 quokkas
  2 ball pythons (D:2)
  4 frilled lizards
  3 goblin zombies (Ossuary)
  2 hobgoblin zombies (Ossuary)
  12 kobolds
  3 kobold zombies (Ossuary)
  A quokka skeleton (D:5)
  2 quokka zombies
  10 rats
  2 rat zombies (Ossuary)
217 creatures vanquished.

Vanquished Creatures (others)
  An orc wizard (D:9)
  A leopard gecko (D:2)
  An orc (D:8)
  A goblin (D:2)
  A hobgoblin (D:2)
  3 spectral weapons
8 creatures vanquished.

Grand Total: 225 creatures vanquished

Notes
Turn   | Place    | Note
-------+----------+-------------------------------------------
     0 | D:1      | Kaname the Demonspawn Skald began the quest for the Orb.
     0 | D:1      | Reached XP level 1. HP: 16/16 MP: 3/3
   287 | D:1      | Gained mutation: You have large cloven feet. [demonic ancestry]
   287 | D:1      | Reached XP level 2. HP: 7/22 MP: 5/5
  1122 | D:1      | Gained mutation: When hurt, damage is shared between your health and your magic reserves. [demonic ancestry]
  1122 | D:1      | Reached XP level 3. HP: 11/27 MP: 2/6
  1727 | D:2      | Found a radiant altar of Vehumet.
  1919 | D:2      | Gained mutation: You have hoof-like feet. [demonic ancestry]
  1919 | D:2      | Reached XP level 4. HP: 16/33 MP: 0/7
  2426 | D:2      | Became a worshipper of Vehumet
  2427 | D:2      | HP: 1/33 [something (20)]
  3013 | D:3      | Found a shattered altar of Ashenzari.
  3623 | D:4      | Found a staircase to the Ecumenical Temple.
  3656 | D:4      | Gained mutation: Your flesh is heat resistant. (rF+) [demonic ancestry]
  3656 | D:4      | Reached XP level 5. HP: 33/38 MP: 6/8
  3962 | D:4      | Reached skill level 5 in Short Blades
  4023 | D:4      | Found a glowing golden altar of the Shining One.
  4263 | D:4      | Got a polished quarterstaff
  4264 | D:4      | Identified the cursed +0 quarterstaff "Agasewan" {elec, rElec Str+6} (You found it on level 4 of the Dungeon)
  4282 | D:5      | Entered Level 5 of the Dungeon
  4286 | D:5      | Reached skill level 1 in Stealth
  4383 | D:5      | Reached skill level 2 in Stealth
  4435 | D:5      | Noticed an ogre
  4446 | D:5      | Killed an ogre
  4446 | D:5      | Reached skill level 3 in Stealth
  4446 | D:5      | Reached XP level 6. HP: 27/44 MP: 3/9
  4574 | D:5      | Reached skill level 4 in Stealth
  4676 | D:5      | Noticed an orc warrior
  5200 | D:5      | Killed an orc warrior
  5200 | D:5      | Reached skill level 5 in Stealth
  5200 | D:5      | Reached XP level 7. HP: 50/50 MP: 10/10
  5361 | D:6      | Noticed Sigmund
  5401 | D:5      | Reached skill level 6 in Stealth
  5515 | D:5      | Killed Sigmund
  5515 | D:5      | Reached * piety under Vehumet
  5515 | D:5      | Offered knowledge of Shock by Vehumet.
  5515 | D:5      | Reached skill level 7 in Stealth
  5566 | D:6      | Reached XP level 8. HP: 36/56 MP: 11/11
  5585 | D:6      | Reached skill level 8 in Stealth
  5620 | D:6      | Found a sand-covered staircase.
  5626 | Ossuary  | Entered an ossuary
  5670 | Ossuary  | Learned a level 3 spell: Spectral Weapon
  6189 | D:6      | Offered knowledge of Searing Ray by Vehumet.
  6193 | D:6      | Learned a level 2 spell: Searing Ray
  6243 | D:6      | Found a sacrificial altar of Ru.
  6245 | D:6      | Found a basalt altar of Yredelemnul.
  6274 | D:6      | Reached ** piety under Vehumet
  6390 | D:6      | Found a glowing golden altar of the Shining One.
  6396 | D:6      | Noticed Eustachio
  6403 | D:6      | Killed Eustachio
  6892 | D:7      | Reached skill level 1 in Conjurations
  6960 | D:7      | Learned a level 3 spell: Vampiric Draining
  7152 | D:7      | Reached XP level 9. HP: 34/61 MP: 8/12
  7359 | D:7      | Found a sacrificial altar of Ru.
  7496 | D:7      | Got a slimy ring mail
  7507 | D:7      | Identified the +0 ring mail "Joekh" {Stlth+} (You found it on level 7 of the Dungeon)
  7753 | D:8      | Found a stormy altar of Qazlal.
  7885 | D:8      | Noticed Geomchi's ghost (novice NaVM)
  7989 | D:8      | Reached skill level 5 in Conjurations
  8047 | D:8      | Reached skill level 1 in Necromancy
  8934 | D:8      | Killed Geomchi's ghost
  9260 | D:9      | Reached skill level 5 in Fighting
  9417 | D:9      | Noticed a two-headed ogre
  9618 | D:9      | Noticed a moth of wrath
  9621 | D:9      | Found a bloodstained altar of Trog.
  9965 | D:9      | Noticed a centaur warrior
  9985 | D:9      | Offered knowledge of Static Discharge by Vehumet.
 10042 | D:9      | Noticed a two-headed ogre
 10052 | D:9      | Killed a two-headed ogre
 10052 | D:9      | Reached XP level 10. HP: 15/76 MP: 5/13
 10730 | D:9      | Killed a centaur warrior
 10769 | D:9      | Found a burning altar of Makhleb.
 10905 | D:9      | Reached *** piety under Vehumet
 11311 | D:9      | Noticed a two-headed ogre
 11313 | D:9      | Found Judiasush's Food Shoppe.
 11346 | D:9      | Killed a two-headed ogre
 11703 | D:10     | Entered Level 10 of the Dungeon
 11730 | D:10     | Noticed a two-headed ogre
 12002 | D:10     | Noticed a white ugly thing
 12103 | D:9      | Offered knowledge of Iskenderun's Mystic Blast by Vehumet.
 12109 | D:9      | Learned a level 4 spell: Iskenderun's Mystic Blast
 12639 | D:10     | Reached skill level 9 in Stealth
 12727 | D:10     | Found Xalydu Yquha's Armour Shoppe.
 13042 | D:10     | Mangled by a two-headed ogre

Vault maps used:
D:1:      dpeg_arrival_central, solitary_fountain, serial_park_tiny_2
D:2:      fiery_altar_vehumet, minmay_domino_2
D:3:      evilmike_ruin_ashenzari
D:4:      overflow_temple_1_default
D:5:      first_bread
D:6:      gammafunk_temple_overflow_statue,
          nicolae_ossuary_entry_false_entrances, tso_metal_star, uniq_sigmund,
          uniq_eustachio
D:7:      nicolae_ru_path_of_blood
D:8:      nicolae_qazlal_style_of_elements
D:9:      tgw_trog, kennysheep_little_box, serial_shops, nicolae_shop_trees
D:10:     serial_shops, shop
Ossuary:  ossuary_minmay_chase

Skill      XL: |  1  2  3  4  5  6  7  8  9 10 |
---------------+-------------------------------+-----
Short Blades   | 2 3 4 5 6 8 |  8.1
Stealth        | 3 5 7 8 9 |  9.2
Charms         | 4 |  4.0
Hexes          | 4 |  4.0
Conjurations   | 2 5 7 |  7.1
Necromancy     | 3 4 |  4.0
Fighting       | 6 |  6.0
Armour         | |  0.8
Dodging        | |  1.7
Spellcasting   | |  2.0

Action                   |  1- 3 |  4- 6 |  7- 9 | 10-12 || total
-------------------------+-------+-------+-------+-------++-------
Melee: Short sword       |   220 |   121 |   403 |   151 ||   895
       Kick              |    34 |    39 |    86 |    35 ||   194
       Quarterstaff      |       |    47 |       |       ||    47
 Cast: Infusion          |     2 |     4 |       |       ||     6
       Spectral Weapon   |       |       |     3 |     4 ||     7
       Iskenderun's Myst |       |       |       |    15 ||    15
       Searing Ray       |       |       |       |     2 ||     2
Evoke: Wand              |       |       |       |     7 ||     7
  Use: Scroll            |       |    11 |     4 |     1 ||    16
       Potion            |       |     1 |     3 |     1 ||     5
 Stab: Sleeping          |       |     1 |    12 |     1 ||    14
       Distracted        |       |       |       |     2 ||     2
  Eat: Chunk             |     3 |     6 |     9 |     3 ||    21
       Meat ration       |       |     1 |     1 |     1 ||     3
       Fruit             |       |       |     2 |       ||     2
       Bread ration      |       |       |       |     1 ||     1
Armor: Leather armour    |    80 |    54 |   134 |       ||   268
       Robe              |       |       |     7 |    40 ||    47
Dodge: Dodged            |   144 |    78 |   198 |    68 ||   488
